 Dungeon Crawl Stone Soup version 0.25-a0-860-gf695395b5c (webtiles) character file.

Game seed: 7608257353824566927, levelgen mode: deterministic

1222 Maedhros the Sneak (level 8, 0/48 HPs)
             Began as an Octopode Artificer on Apr 27, 2020.
             Slain by an ogre
             ... wielding a +0 giant spiked club
              (14 damage)
             ... on level 6 of the Dungeon.
             The game lasted 00:12:11 (2690 turns).

Maedhros the Sneak (Octopode Artificer)             Turns: 2690, Time: 00:12:11

Health: 0/48       AC:  1    Str: 16    XL:     8   Next: 47%
Magic:  11/11      EV: 13    Int: 14    God:
Gold:   53         SH:  0    Dex: 14    Spells: 7/7 levels left

rFire    . . .     SeeInvis .   e - +2 trident (vamp)
rCold    . . .     Gourm    .   (no shield)
rNeg     + . .     Faith    .   (helmet restricted)
rPois    .         Spirit   .   (no amulet)
rElec    .         Reflect  .   q - ring of positive energy
rCorr    .         Harm     .   c - +5 ring of strength
MR       .....                  (no ring)
Stlth    +++++.....             (no ring)
HPRegen  0.16/turn              (no ring)
MPRegen  0.12/turn              (no ring)
                                (no ring)
                                (no ring)

@: no status effects
A: almost no armour, stealthy swim, amphibious, 8 rings, constrict 8, camouflage
1, gelatinous body 1
a: no special abilities


You were on level 6 of the Dungeon.
You were not hungry.

You visited 2 branches of the dungeon, and saw 7 of its levels.

You collected 222 gold pieces.
You spent 169 gold pieces at shops.

Inventory:

Hand Weapons
 a - a +0 short sword
 e - a +2 vampiric trident (weapon)
 x - a +0 fustibalus
Missiles
 g - 8 poisoned darts (quivered)
Magical Staves
 u - an uncursed staff of wizardry {unknown}
Jewellery
 c - a +5 ring of strength (right tentacle)
 q - a ring of positive energy (left tentacle)
Wands
 b - a wand of flame (9)
 d - a wand of random effects (18)
Scrolls
 h - 9 scrolls of identify {unknown}
 j - a scroll of amnesia {unknown}
 k - a scroll of magic mapping {unknown}
 l - 2 scrolls of teleportation {unknown}
 m - 3 scrolls of remove curse {unknown}
 r - a scroll of noise {unknown}
 s - a scroll of blinking {unknown}
 v - a scroll of immolation {unknown}
 y - a scroll of fear {unknown}
Potions
 i - a potion of curing
 n - 3 potions of heal wounds
 o - a potion of brilliance
 p - 2 potions of cancellation {unknown}
 t - 2 potions of magic {unknown}
 w - 3 potions of flight
 z - 2 potions of might
 A - a potion of haste {unknown}
 B - 2 potions of mutation {unknown}
Comestibles
 f - 8 rations


   Skills:
 - Level 1.0 Fighting
 - Level 1.0 Short Blades
 * Level 6.8 Polearms
 - Level 2.0 Dodging
 + Level 7.7 Stealth
 - Level 2.7 Unarmed Combat
 - Level 4.8 Evocations


You had 7 spell levels left.
You didn't know any spells.
Your spell library was empty.

Dungeon Overview and Level Annotations

Branches:
Dungeon (6/15)             Temple (1/1) D:4

Altars:
Ashenzari
Elyvilon
Fedhas
Gozag
Kikubaaqudgha
Makhleb
Nemelex Xobeh
Okawaru
Ru
Sif Muna
Trog
Uskayaw
Vehumet
Xom
Yredelemnul
Zin
The Shining One

Shops:
D:5 !

Annotations:
D:4 3 runed translucent doors, ig87's ghost, novice NaWr
D:6 Duvessa


Innate Abilities, Weirdness & Mutations

You cannot wear most types of armour.
You are very stealthy in the water. (Stealth+)
You are amphibious.
You can wear up to eight rings at the same time.
You can use your tentacles to constrict eight enemies at once.
Your skin changes colour to match your surroundings (Stealth+).
Your rubbery body absorbs attacks. (AC +1, EV +1)


Message History

Attack whom?
Press: ? - help, Dir - move target cursor, f - ogre
Aim: an ogre, wielding a +0 giant spiked club You reach to attack!
You hit the ogre.
You feel better.
The ogre is lightly wounded.
You closely miss the ogre.
The ogre is lightly wounded.
The ogre closely misses you.
You closely miss the ogre.
The ogre is lightly wounded.
You hit the ogre.
The ogre is moderately wounded.
The ogre hits you with a +0 giant spiked club!!
Ouch! That really hurt!
* * * LOW HITPOINT WARNING * * *
You are too injured to fight recklessly!
You barely miss the ogre.
The ogre is moderately wounded.
The ogre hits you with a +0 giant spiked club!
You die...

#..........†..###................
#..........................#.....
#.................#.............#
#..............#..#.............#
##.............#.÷#.....##.......
#....................####...%..#
#..............†.#..............
#...##..........................
#...#....)#....@..........#.....
............O..........#.....
.......................##...#
........##.....###....##.....
........ ..................<.
....... ...............#.....
.#.....(........#....#
###..............#....#
.O...#...........


You could see an ogre.

Vanquished Creatures
  Prince Ribbit (D:5)
  A phantom (D:2)
  A sky beast (D:6)
  A centaur (D:5)
  An ogre (D:4)
  A bullfrog (D:6)
  2 scorpions
  2 crimson imps (D:5)
  Robin (D:4)
  2 orc wizards
  A hound (D:6)
  2 orc priests (D:4)
  3 worker ants
  A hound zombie (D:6)
  11 orcs
  5 adders
  2 oozes
  An adder skeleton (D:5)
  A dart slug (D:2)
  3 leopard geckos
  3 ball pythons
  5 giant cockroaches
  8 goblins
  6 hobgoblins
  5 jackals
  2 quokkas
  10 bats
  3 frilled lizards
  A jackal skeleton (D:5)
  A jackal zombie (D:5)
  7 kobolds
  A quokka skeleton (D:4)
  4 rats
99 creatures vanquished.

Vanquished Creatures (collateral kills)
  A hound (D:4)
  A jelly (D:6)
  A hound skeleton (D:4)
  6 orcs (D:4)
  4 goblins (D:4)
  2 hobgoblins (D:4)
  3 jackals (D:6)
  A ball python (D:4)
  A frilled lizard (D:4)
20 creatures vanquished.

Vanquished Creatures (others)
  A scorpion (D:4)
  2 orc wizards (D:4)
  An orc (D:4)
4 creatures vanquished.

Grand Total: 123 creatures vanquished

Notes
Turn   | Place    | Note
-------+----------+-------------------------------------------
     0 | D:1      | Maedhros the Octopode Artificer began the quest for the
                  | Orb.
     0 | D:1      | Reached XP level 1. HP: 13/13 MP: 3/3
   100 | D:1      | Reached skill level 1 in Unarmed Combat
   100 | D:1      | Reached XP level 2. HP: 15/18 MP: 4/4
   163 | D:2      | Reached skill level 2 in Stealth
   270 | D:2      | Reached XP level 3. HP: 13/23 MP: 5/5
   404 | D:4      | Noticed Robin
   404 | D:4      | Noticed a scorpion
   494 | D:4      | Reached XP level 4. HP: 18/28 MP: 6/6
   498 | D:4      | Reached skill level 3 in Stealth
   555 | D:4      | Found a staircase to the Ecumenical Temple.
   562 | Temple   | Entered the Ecumenical Temple
   689 | D:4      | Noticed an ogre
   720 | D:4      | Killed an ogre
   720 | D:4      | Reached skill level 1 in Polearms
   720 | D:4      | Reached XP level 5. HP: 22/33 MP: 8/8
   826 | D:4      | Reached skill level 4 in Stealth
   869 | D:4      | Found a runed translucent gate.
   869 | D:4      | Found a runed translucent gate.
   869 | D:4      | Found a runed translucent gate.
   882 | D:4      | Reached XP level 6. HP: 11/38 MP: 9/9
   922 | D:4      | Noticed ig87's ghost (novice NaWr)
   922 | D:4      | Noticed an ice beast
  1100 | D:3      | Found an opulent altar of Gozag.
  1329 | D:2      | Noticed a phantom
  1361 | D:2      | Killed a phantom
  1957 | D:2      | Reached skill level 5 in Stealth
  1992 | D:4      | Killed Robin
  1992 | D:4      | Reached XP level 7. HP: 35/43 MP: 10/10
  2088 | D:5      | Entered Level 5 of the Dungeon
  2228 | D:5      | Found Haipn's Distillery.
  2267 | D:5      | Bought a potion of might for 52 gold pieces
  2267 | D:5      | Bought a potion of heal wounds for 65 gold pieces
  2267 | D:5      | Bought a potion of might for 52 gold pieces
  2324 | D:5      | Reached skill level 6 in Stealth
  2346 | D:5      | Noticed Prince Ribbit
  2348 | D:5      | Reached skill level 5 in Polearms
  2359 | D:5      | Killed Prince Ribbit
  2359 | D:5      | Reached XP level 8. HP: 12/48 MP: 11/11
  2406 | D:6      | Reached skill level 7 in Stealth
  2423 | D:6      | Noticed Duvessa
  2690 | D:6      | Slain by an ogre

Levels and vault maps discovered:
D:1:      elethiomel_arrival_infinity_welcomes_careful_drivers, layout_basic
D:2:      layout_basic, first_ration, minmay_misc_feat_plants
D:3:      layout_basic, nicolae_gozag_cash_rules_everything_around_me,
          minmay_tree_intersection
D:4:      layout_rooms, minmay_temple_entry_waves, gammafunk_ghost_icy,
          uniq_robin
D:5:      layout_cave_pools, serial_shops, nicolae_shop_waterfront,
          uniq_prince_ribbit1
D:6:      layout_basic, uniq_duvessa
Temple:   nicolae_temple_elliptical

Skill      XL: |  1  2  3  4  5  6  7  8 |
---------------+-------------------------+-----
Unarmed Combat | 1 2 |  2.7
Stealth        | 2 3 4 5 6 7 |  7.7
Evocations     | 4 |  4.8
Polearms       | 1 2 3 5 6 |  6.8
Fighting       | |  1.0
Short Blades   | |  1.0
Dodging        | |  2.0

Action                   |  1- 3 |  4- 6 |  7- 9 || total
-------------------------+-------+-------+-------++-------
Melee: Short sword       |    33 |    15 |       ||    48
       Constrict         |     7 |    22 |    13 ||    42
       Tentacles         |     3 |    16 |    10 ||    29
       Trident           |       |   101 |    77 ||   178
       Punch             |       |     1 |     1 ||     2
Throw: Dart              |       |     8 |       ||     8
Evoke: Wand              |     5 |    15 |     8 ||    28
  Use: Potion            |     2 |     1 |     1 ||     4
 Stab: Sleeping          |     7 |    14 |     7 ||    28
  Eat: Chunk             |       |     3 |     3 ||     6
Armor: Skin              |     5 |     8 |     1 ||    14
Dodge: Dodged            |    31 |    51 |    33 ||   115

Table legend:
 A = Non-vault XP
 B = Vault XP
 C = Vault XP percentage of total XP
 D = Non-vault monster count
 E = Vault monster count
 F = Vault count percentage of total count
                 A         B        C        D         E       F
            +---------+---------+-------+---------+---------+-------
      Total |    1376 |     370 |  21.2 |     107 |      12 |  10.1
            +---------+---------+-------+---------+---------+-------
        D:1 |      29 |       0 |   0.0 |      19 |       0 |   0.0
        D:2 |     185 |       0 |   0.0 |      24 |       0 |   0.0
        D:3 |      38 |       0 |   0.0 |      12 |       0 |   0.0
        D:4 |     343 |      87 |  20.2 |      26 |      11 |  29.7
        D:5 |     312 |     283 |  47.6 |       9 |       1 |  10.0
        D:6 |     469 |       0 |   0.0 |      17 |       0 |   0.0
            +---------+---------+-------+---------+---------+-------
